AoeStats
← hightower_208

Lombardia

508396969Analyzed
2v2 RM · 9d ago on Sep 22, 2026· 25m 20s· 4 players
Game mode
Random Map
Map size
Medium (4 player)
Population
200
Speed
Normal
Resources
Standard
Victory
Conquest
Starting age
Dark Age
Ending age
Imperial Age
RankedLock teamsTeams togetherTeam positionsShared explorationLock speedFull tech treeHidden civsTurbo modeCheats
Victory
Defeat
🇩🇪 Magyars · Germany
1726
+11
🇩🇪 Ethiopians · Germany
1688
+13
🇫🇷 Italians · France
1689
-15
🇩🇴 Cumans · Dominican Republic
1547
-9
Roronoa Yolo
11:44 Feudal Age
11:46 Loom
19:26 Castle Age
RD | El_Zapatero22
6:41 Loom
10:16 Feudal Age
10:45 Double-Bit Axe
10:40 Horse Collar
23:41 Castle Age
Mjoelnir
5:27 Loom
9:18 Feudal Age
10:33 Double-Bit Axe
12:44 Fletching
19:53 Padded Archer Armor
23:24 Castle Age
22:05 Horse Collar
22:16 Gold Mining
24:33 Wheelbarrow
23:43 Crossbowman
24:19 Bodkin Arrow
24:55 Leather Archer Armor
hightower_208
6:22 Loom
8:59 Feudal Age
9:26 Double-Bit Axe
9:22 Horse Collar
16:04 Wheelbarrow
19:21 Castle Age
18:34 Scale Barding Armor
19:51 Bloodlines
20:20 Bow Saw
20:19 Horse Collar
Connection lost

Rejoining the realm…

Still unreachable

The connection could not be restored.

Session expired

The server has moved on; the page needs a fresh start.